 Dungeon Crawl Stone Soup version 0.17-b1-36-g7b1967c (webtiles) character file.

34731 glosham the Grappler (level 13, -14/127 HPs)
             Began as a Troll Monk on Nov 6, 2015.
             Was the Champion of Cheibriados.
             Demolished by a merfolk
             ... wielding a +0 trident
              (24 damage)
             ... on level 1 of the Shoals.
             The game lasted 03:36:18 (9957 turns).

glosham the Grappler (Troll Monk)                   Turns: 9957, Time: 03:36:18

Health: -14/127    AC: 10    Str: 37    XL:     13   Next: 43%
Magic:  12/17      EV: 19    Int: 25    God:    Cheibriados [******]
Gold:   618        SH:  0    Dex: 27    Spells: 1 memorised, 13 levels left

rFire  . . .     SeeInvis +       - Unarmed
rCold  + . .     Clarity  +     X - +2 robe {rC+}
rNeg   + . .     SustAt   .     (no shield)
rPois  +         Gourm    +     (helmet restricted)
rElec  .         Spirit   .     Y - +2 cloak
rCorr  .         Warding  .     (gloves unavailable)
rMut   .         Stasis   .     (boots unavailable)
MR     .....                    z - amulet of clarity
Stlth  +++.......               B - ring of poison resistance
                                A - ring of Shadows {Umbra +Inv rN+ SInv}

@: wreathed by umbra, very slow, not resistant to hostile enchantments, fairly
stealthy
A: unfitting armour, claws 3, fast metabolism 3, gourmand, regeneration 2,
shaggy fur 1, tough skin 2
a: Bend Time, Temporal Distortion, Slouch, Step From Time, Renounce Religion,
Evoke Invisibility


You were on level 1 of the Shoals.
You worshipped Cheibriados.
Cheibriados was exalted by your worship.
You were very full.

You visited 5 branches of the dungeon, and saw 22 of its levels.
You also visited: Sewer, Ossuary and Bailey.

You collected 1838 gold pieces.
You spent 1220 gold pieces at shops.

Inventory:

Hand Weapons
 b - the +4 spear of Sekob {freeze, rElec rF+ Str-2 Dex+6}
   (You found it on level 6 of the Dungeon)

   It has been specially enchanted to freeze those struck by it, causing extra
   injury to most foes and up to half again as much damage against particularly
   susceptible opponents.
   It can also slow down cold-blooded creatures.
   It affects your strength (-2).
   It affects your dexterity (+6).
   It protects you from fire.
   It insulates you from electricity.
 c - a +5 blowgun
 d - a +0 giant spiked club
Missiles
 e - 95 poisoned needles
 f - a throwing net
 n - 2 tomahawks
 u - 5 silver tomahawks
 x - 4 javelins of returning (quivered)
 U - 2 large rocks
Armour
 X - a +2 robe of cold resistance (worn)
 Y - a +2 cloak (worn)
Jewellery
 y - an uncursed amulet of stasis
 z - an amulet of clarity (around neck)
 A - the ring of Shadows (left claw) {Umbra +Inv rN+ SInv}
   (You bought it in a shop on level 9 of the Dungeon)

   [ring of invisibility]

   It protects you from negative energy.
   It lets you see invisible.
   It lets you turn invisible.
 B - a ring of poison resistance (right claw)
 M - an uncursed ring of protection from magic
 S - an uncursed ring of sustain attributes
Wands
 g - a wand of digging (12)
 h - a wand of invisibility (3)
 s - a wand of slowing (23)
 J - a wand of confusion (17)
 O - a wand of confusion (20)
 P - a wand of confusion (17)
Scrolls
 l - 3 scrolls of identify
 o - a scroll of fear
 p - 10 scrolls of teleportation
 q - a scroll of fog
 r - 2 scrolls of enchant armour
 v - 5 scrolls of silence {!r}
 E - a scroll of recharging
 G - 2 scrolls of vulnerability
 H - 9 scrolls of remove curse
 K - a scroll of blinking
 Q - 2 scrolls of amnesia
Potions
 i - 2 potions of magic
 j - 4 potions of brilliance
 k - 4 potions of might
 m - a potion of ambrosia
 t - 4 potions of curing
 w - a potion of invisibility
 D - 6 potions of heal wounds
 L - a potion of mutation {!q}
 T - 2 potions of resistance
Books
 F - a book of Flames

   Spells                             Type                      Level
   a - Flame Tongue                   Conjuration/Fire             1
   b - Throw Flame                    Conjuration/Fire             2
   c - Conjure Flame                  Conjuration/Fire             3
   d - Inner Flame                    Hexes/Fire                   3
   e - Sticky Flame                   Conjuration/Fire             4
   f - Fireball                       Conjuration/Fire             5
 V - a book of Hinderance

   Spells                             Type                      Level
   a - Confusing Touch                Hexes                        2
   b - Confuse                        Hexes                        3
   c - Gell's Gravitas                Hexes/Translocation          3
   d - Petrify                        Transmutation/Earth          4
   e - Metabolic Englaciation         Hexes/Ice                    5
Comestibles
 a - 12 bread rations
 C - a beef jerky
 I - a meat ration
 N - 10 fruits
 R - a slice of pizza


   Skills:
 + Level 8.0 Fighting
 + Level 7.9 Throwing
 + Level 8.3 Dodging
 - Level 1.1 Stealth
 * Level 13.4 Unarmed Combat
 + Level 1.0 Spellcasting
 + Level 3.7 Translocations
 + Level 7.5 Invocations
 + Level 4.5 Evocations


You had 13 spell levels left.
You knew the following spells:

 Your Spells              Type           Power        Failure   Level  Hunger
a - Apportation           Tloc           ###.......   3%          1    ##.....


Dungeon Overview and Level Annotations

Branches:
Dungeon (10/15)            Temple (1/1) D:6            Lair (6/8) D:10
 Shoals (2/4) Lair:6        Slime (0/6) Lair:6          Orc (3/4) D:9
    Elf (0/3) Orc:3
  Snake: Lair:3-6    Spider: Lair:3-6

Altars:
Cheibriados
Gozag
Kikubaaqudgha
Makhleb
Okawaru
Qazlal
Sif Muna
Vehumet
Yredelemnul
The Shining One
Beogh
Jiyva

Shops:
D:9 [?=%[   D:10 *   Orc:1 (   Shoals:1 (

Annotations:
Lair:3 exclusion: ice statue


Innate Abilities, Weirdness & Mutations

You are too large for most types of armour.
You have claws for hands.
Your metabolism is lightning-fast.
You like to eat raw meat.
You heal very quickly.
You are covered in fur (AC +1).
You have very tough skin (AC +2).


Message History

The merfolk impaler hits you with a trident!
You claw the merfolk impaler!
You kill the merfolk impaler!
Cheibriados appreciates the change of pace.
Your Fighting skill increases to level 8!
The manticore bites you but does no damage.
The manticore claws you! The manticore completely misses you.
The manticore completely misses you. x2
The manticore claws you.
The merfolk hits you from afar with a trident!
Things that are here:
a trident; a dyed leather armour; a merfolk corpse You scratch the manticore.
The manticore is lightly wounded.
The manticore closely misses you. The manticore barely misses you.
The manticore completely misses you.
You barely miss the manticore. You claw the manticore!
The manticore is heavily wounded.
The merfolk hits you but does no damage.
The manticore misses you. The manticore claws you.
The manticore barely misses you.
You claw the manticore!
The manticore is severely wounded.
The merfolk hits you from afar with a trident.
You closely miss the manticore.
You claw the manticore, but do no damage.
The manticore is severely wounded.
The manticore bites you!!
* * * LOW HITPOINT WARNING * * *
The manticore closely misses you. The manticore claws you.
* * * LOW HITPOINT WARNING * * *
You can feel time thicken for a moment.
You kill the manticore!
Cheibriados appreciates the change of pace.
Your Spellcasting skill increases to level 1!
You feel somewhat less full. The merfolk barely misses you.
The merfolk hits you with a trident!
* * * LOW HITPOINT WARNING * * *
The merfolk hits you with a trident!!
You die...

...#.≈≈≈≈≈≈≈≈≈≈≈≈≈≈≈P≈P
≈≈≈≈≈≈≈≈≈≈≈≈≈≈≈≈≈≈≈≈PPPP
≈≈≈≈≈≈≈≈≈≈≈≈≈≈≈≈≈≈≈≈≈≈..P
≈≈≈≈≈≈..≈≈≈≈≈≈≈≈≈≈.≈≈≈≈P.
≈≈≈≈.[.......≈≈≈≈..≈≈≈...
≈≈≈≈..........≈≈≈≈≈≈≈≈...
≈≈≈..[.....(..≈≈≈≈≈≈≈≈...
≈≈≈...............≈......
≈≈≈.....@.............##.
≈≈≈....).m.........)..###
≈≈≈...†.∩≈...............
≈≈≈≈....≈≈≈....#.....#...
≈≈≈≈≈.≈≈≈≈≈....#.........
..≈≈≈≈≈≈≈≈≈....#....≈≈..≈
..≈≈≈≈≈≈≈≈≈..............
..≈≈≈≈≈≈≈≈≈............≈.
≈.≈≈≈≈≈≈≈...........≈≈..≈


You could see a merfolk.

Vanquished Creatures
  A merfolk impaler (Shoals:1)
  An ice dragon (Lair:3)
  7 hydras
  Erolcha (Orc:1)
  Erica (D:10)
  A merfolk avatar (Shoals:1)
  A deep elf knight (Bailey)
  Pikel (D:5)
  An orc knight (Orc:1)
  2 unseen horrors
  An orc sorcerer (Orc:2)
  A water nymph (Shoals:2)
  A manticore (Shoals:1)
  5 elephants (Lair:3)
  Maurice (D:10)
  2 black mambas
  4 spiny frogs
  2 trolls
  2 komodo dragons
  2 two-headed ogres
  2 polar bears (Lair:3)
  A merfolk (Shoals:1)
  4 deep elf priests (Bailey)
  5 blink frogs
  17 yaks
  3 deep elf magi (Bailey)
  A human (D:9)
  2 basilisks
  5 hippogriffs
  2 hungry ghosts
  3 deep elf fighters (Bailey)
  A hog (D:9)
  A wyvern (D:9)
  A warg (Orc:1)
  Menkaure (D:6)
  3 vampire mosquitoes (D:10)
  6 water moccasins
  2 black bears
  9 orc warriors
  6 porcupines
  5 ice beasts
  5 ogres
  3 sky beasts
  8 centaurs
  An eye of draining (D:9)
  6 crocodiles
  3 phantoms
  An elf zombie (Ossuary)
  A big kobold (D:10)
  11 giant frogs
  A gnoll sergeant (D:9)
  A wyvern zombie (D:10)
  5 scorpions
  10 killer bees
  3 centaur zombies
  5 crimson imps
  A gnoll shaman (D:9)
  3 giant frog skeletons
  5 hounds
  3 jellies
  11 orc priests
  3 iron imps (D:9)
  22 orc wizards
  2 human zombies (Ossuary)
  5 worker ants
  A hell rat (D:7)
  10 iguanas
  2 big kobold zombies (Ossuary)
  6 ogre zombies (D:9)
  2 sheep (D:9)
  4 mummies (Ossuary)
  A hound zombie (D:6)
  A hound skeleton (D:9)
  7 adders
  7 gnolls (D:9)
  59 river rats
  2 shadow imps
  2 white imps (Lair:3)
  An ooze (D:2)
  A worm (D:3)
  An adder skeleton (D:5)
  4 giant geckos
  103 orcs
  5 bats
  2 giant cockroaches (D:3)
  10 goblins
  3 hobgoblins
  18 jackals
  15 kobolds
  3 quokkas
  7 ball pythons
  A giant gecko skeleton (D:4)
  2 giant newts
  2 gnoll zombies (Ossuary)
  3 goblin skeletons (D:9)
  5 goblin zombies
  2 hobgoblin skeletons (D:9)
  2 hobgoblin zombies
  2 jackal zombies
  An orc skeleton (D:9)
  10 orc zombies (D:9)
  39 rats
  4 plants (Sewer)
587 creatures vanquished.

Vanquished Creatures (others)
  A fire drake (D:10)
  A giant frog (D:5)
  A giant gecko (D:5)
  An orc (D:5)
  A giant newt (D:5)
  2 orc zombies (Ossuary)
  3 fungi
  A plant (Sewer)
11 creatures vanquished.

Grand Total: 598 creatures vanquished

Notes
Turn   | Place    | Note
--------------------------------------------------------------
     0 | D:1      | glosham the Troll Monk began the quest for the Orb.
     0 | D:1      | Reached XP level 1. HP: 22/22 MP: 0/0
   184 | D:1      | Reached XP level 2. HP: 29/29 MP: 1/1
   447 | D:2      | Found a deep blue altar of Sif Muna.
   566 | D:2      | Reached XP level 3. HP: 36/36 MP: 2/2
   717 | D:3      | Reached skill level 5 in Unarmed Combat
   717 | D:3      | Reached XP level 4. HP: 23/44 MP: 3/3
   746 | D:3      | Reached skill level 3 in Dodging
   754 | D:3      | Reached skill level 3 in Fighting
   758 | D:3      | Reached XP level 5. HP: 16/53 MP: 4/4
   999 | D:3      | Found a glowing drain.
  1035 | Sewer    | Entered a sewer
  1077 | Sewer    | Reached skill level 6 in Unarmed Combat
  1129 | Sewer    | Reached XP level 6. HP: 61/61 MP: 5/5
  1675 | D:5      | Entered Level 5 of the Dungeon
  1774 | D:5      | Noticed Pikel
  1780 | D:5      | Killed Pikel
  1780 | D:5      | Reached skill level 2 in Throwing
  1780 | D:5      | Reached skill level 4 in Dodging
  1780 | D:5      | Reached skill level 7 in Unarmed Combat
  1780 | D:5      | Reached XP level 7. HP: 51/68 MP: 6/6
  1991 | D:5      | Reached skill level 4 in Fighting
  2314 | D:4      | Found an iron altar of Okawaru.
  2315 | D:4      | Found an opulent altar of Gozag.
  2433 | D:4      | Reached XP level 8. HP: 78/78 MP: 7/7
  2434 | D:4      | Found an ancient bone altar of Kikubaaqudgha.
  2570 | D:6      | Got a transparent spear
  2571 | D:6      | Identified the +4 spear of Sekob {freeze, rElec rF+ Str-2 Dex+6} (You found it on level 6 of the Dungeon)
  2625 | D:6      | Found a staircase to the Ecumenical Temple.
  2633 | Temple   | Entered the Ecumenical Temple
  2654 | Temple   | Became a worshipper of Cheibriados the Contemplative
  2654 | Temple   | Reached * piety under Cheibriados
  2654 | Temple   | Reached ** piety under Cheibriados
  2785 | D:6      | Reached skill level 1 in Invocations
  2809 | D:6      | Reached skill level 8 in Unarmed Combat
  2811 | D:6      | Noticed Menkaure
  2817 | D:6      | Killed Menkaure
  2843 | D:6      | Found a sand-covered staircase.
  2859 | Ossuary  | Entered an ossuary
  2902 | Ossuary  | Reached skill level 3 in Throwing
  2997 | Ossuary  | Reached skill level 5 in Dodging
  3066 | D:7      | Reached *** piety under Cheibriados
  3088 | D:7      | Reached skill level 2 in Invocations
  3327 | D:7      | Reached **** piety under Cheibriados
  3489 | D:8      | Found a glowing golden altar of the Shining One.
  3494 | D:8      | Reached XP level 9. HP: 80/87 MP: 9/9
  3678 | D:8      | Reached skill level 5 in Fighting
  3733 | D:8      | Reached skill level 3 in Invocations
  3781 | D:10     | Entered Level 10 of the Dungeon
  3781 | D:10     | Found Gusukh's General Store.
  3783 | D:10     | Reached skill level 9 in Unarmed Combat
  3798 | D:10     | Reached skill level 4 in Throwing
  3842 | D:9      | Found a burning altar of Makhleb.
  3845 | D:9      | Reached ***** piety under Cheibriados
  3890 | D:9      | Found Siuculipt's Jewellery Emporium.
  3994 | D:9      | Found Wiagg's Magic Scroll Shoppe.
  4073 | D:7      | Reached XP level 10. HP: 89/96 MP: 11/11
  4079 | D:7      | Reached skill level 10 in Unarmed Combat
  4123 | D:9      | Reached skill level 4 in Invocations
  4137 | D:8      | Reached skill level 6 in Dodging
  4198 | D:9      | Found Heet's Food Boutique.
  4204 | D:9      | Killed an unseen horror
  4243 | D:9      | Reached skill level 5 in Throwing
  4270 | D:9      | Found Velefeh's Antique Armour Emporium.
  4318 | D:9      | Reached skill level 6 in Fighting
  4375 | D:10     | Found a staircase to the Lair.
  4376 | D:10     | Noticed a fire drake
  4376 | D:10     | Noticed Erica
  4392 | D:10     | Killed a fire drake
  4393 | D:10     | HP: 7/98 [Erica/scimitar of flaming (3)]
  4487 | D:9      | Reached ****** piety under Cheibriados
  4517 | D:9      | Found a staircase to the Orcish Mines.
  4549 | D:9      | Found Siopuxto's Armour Boutique.
  4813 | D:10     | Killed Erica
  4866 | D:10     | Found a stormy altar of Qazlal.
  4866 | D:10     | Noticed a centaur zombie
  4887 | D:10     | Reached skill level 11 in Unarmed Combat
  4893 | D:10     | Killed a centaur zombie
  4948 | D:10     | Learned a level 1 spell: Apportation
  5046 | D:10     | Noticed Maurice
  5052 | D:10     | Killed Maurice
  5052 | D:10     | Reached skill level 5 in Invocations
  5052 | D:10     | Reached XP level 11. HP: 107/107 MP: 3/13
  5154 | D:10     | Killed an unseen horror
  5154 | D:10     | Reached skill level 1 in Translocations
  5316 | D:9      | Bought an uncursed ring of poison resistance for 320 gold pieces
  5350 | D:9      | Bought a runed robe for 18 gold pieces
  5410 | D:9      | Bought a scroll of identify for 34 gold pieces
  5410 | D:9      | Bought a scroll of identify for 34 gold pieces
  5410 | D:9      | Bought a scroll of identify for 34 gold pieces
  5410 | D:9      | Bought a scroll of identify for 34 gold pieces
  5467 | D:10     | Bought a scroll of identify for 20 gold pieces
  5502 | Orc:1    | Entered Level 1 of the Orcish Mines
  5504 | Orc:1    | Noticed Erolcha
  5508 | Orc:1    | Killed Erolcha
  5508 | Orc:1    | Reached skill level 6 in Throwing
  5508 | Orc:1    | Reached skill level 1 in Evocations
  5522 | Orc:1    | Found a roughly hewn altar of Beogh.
  5592 | Orc:1    | Found Plog's Weapon Shop.
  5749 | Orc:1    | Reached skill level 2 in Translocations
  6217 | Orc:2    | Reached skill level 7 in Dodging
  6491 | Orc:3    | Found a staircase to the Elven Halls.
  6549 | Orc:3    | Found a flagged portal.
  6573 | Bailey   | Entered a bailey
  6613 | Bailey   | Reached skill level 2 in Evocations
  6740 | Bailey   | Noticed a deep elf knight
  6747 | Bailey   | Killed a deep elf knight
  6747 | Bailey   | Reached skill level 3 in Translocations
  7024 | Orc:3    | Found a burning altar of Makhleb.
  7047 | Orc:3    | Reached skill level 7 in Fighting
  7387 | D:9      | Bought the ring of Shadows {Umbra +Inv rN+ SInv} for 726 gold pieces
  7428 | Lair:1   | Entered Level 1 of the Lair of Beasts
  7447 | Lair:1   | Reached XP level 12. HP: 118/118 MP: 15/15
  7594 | Lair:1   | Reached skill level 12 in Unarmed Combat
  7606 | Lair:1   | Reached skill level 6 in Invocations
  7641 | Lair:1   | Reached skill level 3 in Evocations
  7668 | Lair:2   | Noticed a four-headed hydra
  7671 | Lair:2   | Noticed a five-headed hydra
  7673 | Lair:2   | Killed a four-headed hydra
  8080 | Lair:3   | Reached skill level 7 in Throwing
  8171 | Lair:3   | Noticed an ice dragon
  8501 | Lair:3   | Killed an ice dragon
  8585 | Lair:2   | Killed a five-headed hydra
  8592 | Lair:2   | Noticed an eight-headed hydra
  8598 | Lair:2   | Killed an eight-headed hydra
  8598 | Lair:2   | Reached skill level 4 in Evocations
  8695 | Lair:4   | Reached skill level 7 in Invocations
  8854 | Lair:1   | Reached skill level 13 in Unarmed Combat
  8921 | Lair:2   | You fall through a shaft for 2 floors!
  8934 | Lair:4   | Noticed a seven-headed hydra
  8952 | Lair:4   | Killed a seven-headed hydra
  9093 | Lair:4   | Reached XP level 13. HP: 65/127 MP: 17/17
  9238 | Lair:4   | Reached skill level 8 in Dodging
  9239 | Lair:4   | Noticed an eight-headed hydra
  9244 | Lair:4   | Killed an eight-headed hydra
  9257 | Lair:5   | Noticed an eight-headed hydra
  9264 | Lair:5   | Killed an eight-headed hydra
  9556 | Lair:6   | Found a basalt altar of Yredelemnul.
  9601 | Lair:6   | Found a staircase to the Shoals.
  9647 | Lair:6   | Found a viscous altar of Jiyva.
  9648 | Lair:6   | Found a staircase to the Slime Pits.
  9764 | Shoals:1 | Entered Level 1 of the Shoals
  9928 | Shoals:1 | Found Wuj Ela's Antique Weapon Boutique.
  9950 | Shoals:1 | Reached skill level 8 in Fighting
  9956 | Shoals:1 | Reached skill level 1 in Spellcasting
  9957 | Shoals:1 | HP: 10/127 [merfolk/trident (14)]
  9957 | Shoals:1 | Demolished by a merfolk

Action                   |  1- 3 |  4- 6 |  7- 9 | 10-12 | 13-15 || total
-------------------------+-------+-------+-------+-------+-------++-------
Melee: Unarmed           |    88 |   211 |   338 |   690 |   125 ||  1452
 Fire: Blowgun           |       |       |       |     4 |       ||     4
Throw: Tomahawk          |       |       |     4 |    20 |     2 ||    26
       Javelin           |       |       |     4 |    34 |    27 ||    65
       Large rock        |       |       |       |    10 |     2 ||    12
 Cast: Apportation       |       |       |       |    17 |    13 ||    30
Invok: Slouch            |       |       |       |     6 |     3 ||     9
Evoke: Wand              |       |       |       |     5 |       ||     5
  Use: Scroll            |     7 |     2 |     7 |    15 |       ||    31
       Potion            |       |     1 |       |     4 |       ||     5
 Stab: Sleeping          |     2 |       |     6 |    12 |     6 ||    26
       Invisible         |       |       |       |     3 |       ||     3
       Distracted        |       |       |       |     1 |       ||     1
  Eat: Chunk             |    12 |    11 |    20 |    36 |     8 ||    87

Table legend:
 A = Turns spent in this place as a percentage of turns spent in the entire game.
 B = Non-inter-level travel turns spent in this place as a percentage of non-inter-level travel turns spent in the entire game.
 C = Inter-level travel turns spent in this place as a percentage of turns spent in this place.
 D = Turns resting spent in this place as a percentage of non-inter-level travel turns spent in this place.
 E = Turns spent auto-exploring this place as a percentage of non-inter-level travel turns spent in this place.
 F = Non-inter-level travel turns spent in this place divided by the number of levels of this place that you've seen.
                   A       B       C       D       E      F
               +-------+-------+-------+-------+-------+----------------------
         Total | 100.0 | 100.0 |   0.6 |   0.1 |   0.1 | 322.6
       Dungeon |  47.9 |  47.9 |   0.6 |   0.1 |   0.0 | 386.5
        Temple |   0.3 |   0.3 |   3.8 |   0.0 |   0.0 |  25.0
          Lair |  26.8 |  26.8 |   0.3 |   0.0 |   0.0 | 360.8
        Shoals |   2.4 |   2.4 |   0.0 |   0.0 |   0.0 |  96.0
  Orcish Mines |  13.3 |  13.2 |   1.7 |   0.0 |   0.8 | 354.0
         Sewer |   5.2 |   5.2 |   0.0 |   0.0 |   0.0 | 423.0
       Ossuary |   2.0 |   2.0 |   0.0 |   0.0 |   0.0 | 163.0
        Bailey |   2.1 |   2.1 |   0.0 |   2.4 |   1.2 | 169.0
               +-------+-------+-------+-------+-------+----------------------

Table legend:
 A = Kills in this place as a percentage of kills in entire the game.
 B = Kills by you in this place as a percentage of kills by you in the entire game.
 C = Kills by friends in this place as a percentage of kills by friends in the entire game.
 D = Other kills in this place as a percentage of other kills in the entire game.
 E = Experience gained in this place as a percentage of experience gained in the entire game.
 F = Experience gained in this place divided by the number of levels of this place that you have seen.
                   A       B       C       D       E      F
               +-------+-------+-------+-------+-------+----------------------
         Total | 100.0 | 100.0 |  -nan |  -nan | 100.0 | 1984.6
       Dungeon |  48.7 |  48.7 |  -nan |  -nan |  26.5 | 1312.4
          Lair |  25.2 |  25.2 |  -nan |  -nan |  49.2 | 4071.3
        Shoals |   1.0 |   1.0 |  -nan |  -nan |   6.9 | 1723.0
  Orcish Mines |  17.2 |  17.2 |  -nan |  -nan |  10.2 | 1693.3
         Sewer |   3.6 |   3.6 |  -nan |  -nan |   0.1 |  59.0
       Ossuary |   2.4 |   2.4 |  -nan |  -nan |   0.6 | 289.0
        Bailey |   1.9 |   1.9 |  -nan |  -nan |   6.4 | 3190.0
               +-------+-------+-------+-------+-------+----------------------

Vault maps used:
D:1:      minmay_arrival_nine_rooms, hangedman_feature_mirror,
          kennysheep_flooded_box, hangedman_decor_diamond_cutter,
          hangedman_decor_growths
D:2:      lemuel_blue_sif_altar, minmay_misc_feat_four_crosses,
          grunt_ministairs_11
D:3:      portal_sewer_entry_a
D:4:      kiku_gazebo_garden_becter, gammafunk_temple_overflow_pools,
          first_bread
D:5:      uniq_pikel
D:6:      temple_statues, enter_ossuary_4, uniq_menkaure
D:7:      lemuel_ratsnest, uniq_crazy_yiuf_cottage
D:8:      old_standard_altar
D:9:      demons_altar, zombieorc1_lemuel, serial_shops, shop, shop_fountains,
          nicolae_shop_stone, nicolae_shop_trees, shop, grunt_livestock
D:10:     minmay_lair_entry_lava, basic_altar, serial_shops, shop, uniq_maurice,
          uniq_erica
Temple:   nicolae_temple_figure_eight
Lair:1:   minmay_lair_oklob_items, uniq_gastronok
Lair:2:   serial_bayou_pond_c, bh_chokoban
Lair:3:   ice2_lemuel
Lair:5:   patterned_corridor
Lair:6:   dpeg_oklob_gauntlet, elwin_shoals_entry_rocks,
          minmay_snake_entry_guardpost_large, slime_altar_1,
          lemuel_centaur_altar
Shoals:1: serial_shops, nicolae_shop_competitors_out_of_business, shop, shop,
          nicolae_shop_temple_entry_statues_fountains
Shoals:2: portal_ice_cave_entry_ice_beasts, hangedman_shoal_volcano
Orc:1:    basic_altar, serial_shops, shop, uniq_erolcha
Orc:3:    enter_bailey_5, basic_altar, nicolae_orc_pool_cavern
Sewer:    sewer_co_scattered_pipes
Ossuary:  ossuary_minmay_tomb_2a
Bailey:   bailey_polearm_3, bailey
